 Dungeon Crawl Stone Soup version 0.28.0-53-g5a82cb258f (webtiles) character file.

Game seed: 1245933119887696972

67 Kaptain the Digger (level 4, -1/25 HPs)
             Began as a Gargoyle Earth Elementalist on July 18, 2022.
             Slain by Sigmund
             ... wielding a +0 scythe
              (8 damage)
             ... on level 2 of the Dungeon.
             The game lasted 00:03:07 (1115 turns).

Kaptain the Digger (Gargoyle Earth Elementalist)    Turns: 1115, Time: 00:03:08

Health: -1/25      AC:  6    Str: 11    XL:     4   Next: 18%
Magic:  0/7        EV: 11    Int: 18    God:
Gold:   54         SH:  0    Dex: 10    Spells: 4/8 levels left

rFire   . . .      SeeInvis .   d - +0 flail
rCold   . . .      Faith    .   (no shield)
rNeg    + . .      Spirit   .   f - +0 leather armour
rPois   ∞          Reflect  .   (no helmet)
rElec   +          Harm     .   (no cloak)
rCorr   .          Rampage  .   (no gloves)
Will    .....                   (no boots)
Stlth   ++........              (no amulet)
HPRegen 0.08/turn               (no ring)
MPRegen 0.10/turn               (no ring)

@: mighty, flying, very slightly contaminated, invisible (expiring)
A: sickness immunity, AC +3, negative energy resistance 1, electricity
resistance, torment resistance 1, petrification resistance
a: no special abilities


You were on level 2 of the Dungeon.
You visited 1 branch of the dungeon, and saw 2 of its levels.

You collected 54 gold pieces.

Inventory:

Hand Weapons
 d - a +0 flail (weapon)
Missiles
 c - 15 stones
Armour
 f - a +0 leather armour (worn)
Scrolls
 a - a scroll of identify {unknown}
 b - a scroll of silence {unknown}
 e - a scroll of enchant armour {unknown}
 g - a scroll of summoning {unknown}
 i - a scroll of fear {unknown}
 j - a scroll of teleportation {unknown}
 k - a scroll of immolation {unknown}
 l - a scroll of enchant weapon {unknown}
 m - a scroll of vulnerability {unknown}


   Skills:
 * Level 1.4 Fighting
 + Level 0.8 Armour
 - Level 1.5 Dodging
 + Level 2.5 Stealth
 * Level 2.6 Spellcasting
 * Level 1.4 Conjurations
 - Level 0.7 Transmutations
 * Level 4.2 Earth Magic


You had 4 spell levels left.
You knew the following spells:

 Your Spells              Type           Power      Damage    Failure   Level
a - Sandblast             Erth           34%        2d9       4%          1
b - Stone Arrow           Conj/Erth      24%        3d8       21%         3

Your spell library contained the following spells:

 Spells                   Type           Power      Damage    Failure   Level
 Passwall                 Tmut/Erth      9%         N/A       12%         2
 Petrify                  Tmut/Erth      11%        N/A       63%         4


Dungeon Overview and Level Annotations

Branches:
Dungeon (2/15)

Altars:

Annotations:
D:2 Sigmund


Innate Abilities, Weirdness & Mutations

You are immune to sickness and miasma.
Your stone body is resilient. (AC +3)
You are immune to poison.
You resist negative energy. (rN+)
You are resistant to electric shocks. (rElec)
You are resistant to unholy torment.
You are immune to petrification.


Message History

You bump into the rock wall.
It was a potion of might.
You feel very mighty all of a sudden.
A puff of flame appears from out of thin air!
The puff of flame hits you!
* * * LOW HITPOINT WARNING * * *
It was a potion of flight.
You feel very buoyant.
You fly up into the air.
It was a potion of invisibility.
You fade into invisibility!
You feel less confused.
Sigmund appears from thin air!
Reactivating autopickup.
Sigmund giggles. "Time to reap what you sow."
You flicker for a moment.
Casting: Stone Arrow (extremely dangerous; 21% risk of failure)
Confirm with . or Enter, or press ? or * to list all spells.
Aiming: Stone Arrow (extremely dangerous; 21% risk of failure)
Press: ? - help, Shift-Dir - straight line, f - Sigmund
Aim: Sigmund, wielding a +0 scythe and wearing a +2 robe of willpower (64% to hit)
You miscast Stone Arrow.
You are very lightly contaminated with residual magic.
Nothing appears to happen.
Casting: Stone Arrow (extremely dangerous; 21% risk of failure)
Confirm with . or Enter, or press ? or * to list all spells.
Aiming: Stone Arrow (extremely dangerous; 21% risk of failure)
Press: ? - help, Shift-Dir - straight line, f/p - Sigmund
Aim: Sigmund, wielding a +0 scythe and wearing a +2 robe of willpower (64% to hit)
The stone arrow hits Sigmund.
Sigmund is moderately wounded.
Sigmund barely misses you.
Casting: Stone Arrow (extremely dangerous; 21% risk of failure)
Confirm with . or Enter, or press ? or * to list all spells.
Aiming: Sandblast (safe; 4% risk of failure)
Press: ? - help, Shift-Dir - straight line, f/p - Sigmund
Aim: Sigmund, wielding a +0 scythe and wearing a +2 robe of willpower (moderately wounded, 77% to hit)
The blast of sand hits Sigmund!
Sigmund is heavily wounded.
Sigmund hits you from afar with a +0 scythe!
You die...

##.......##
##(#.###.##
##.....## #..##
##.# ##...##
#.#.###.## ##+##
#.##.#.## #.#
#.###.## #.# #.#
### ##.## #.#
####...## #.#
##.#.....# #@#
........## #.#
.#.....#########@#
...##............#
.###...###########
#.#.#..# .......#
######.# #.#


You could see Sigmund.

Vanquished Creatures
  Jessica (D:2)
  A gnoll (D:1)
  A dart slug (D:1)
  7 endoplasms
  A giant cockroach (D:1)
  A goblin (D:1)
  4 kobolds (D:1)
  2 quokkas (D:1)
  4 ball pythons
  4 bats (D:1)
  2 rats (D:1)
28 creatures vanquished.

Vanquished Creatures (others)
  2 plants (D:1)
  A withered plant (D:1)
3 creatures vanquished.

Grand Total: 31 creatures vanquished

Notes
Turn   | Place    | Note
-------+----------+-------------------------------------------
     0 | D:1      | Kaptain the Gargoyle Earth Elementalist began the quest for
                  | the Orb.
     0 | D:1      | Reached XP level 1. HP: 10/10 MP: 3/3
   108 | D:1      | Reached XP level 2. HP: 12/16 MP: 0/5
   324 | D:1      | Found a faded altar of an unknown god.
   400 | D:1      | Reached skill level 1 in Fighting
   400 | D:1      | Reached skill level 1 in Conjurations
   400 | D:1      | Reached XP level 3. HP: 20/20 MP: 4/6
   423 | D:1      | Learned a level 3 spell: Stone Arrow
   430 | D:1      | Reached skill level 4 in Earth Magic
   824 | D:2      | Noticed Jessica
   827 | D:2      | Killed Jessica
   828 | D:2      | Reached XP level 4. HP: 25/25 MP: 4/7
  1077 | D:2      | Noticed Sigmund
  1115 | D:2      | Slain by Sigmund

Illustrated notes

Levels and vault maps discovered:
D:1:      amcnicky_arrival_blooded_trapdoor, layout_rooms,
          shapermc_ecumenical_altar_flowoftime
D:2:      layout_loops_corners, uniq_sigmund, uniq_jessica

Skill      XL: |  1  2  3 |
---------------+----------+-----
Fighting       | 1 |  1.4
Conjurations   | 1 |  1.4
Earth Magic    | 4 |  4.2
Armour         | |  0.8
Dodging        | |  1.5
Stealth        | |  2.5
Spellcasting   | |  2.6
Transmutations | |  0.7

Action                   |  1- 3 |  4- 6 || total
-------------------------+-------+-------++-------
Melee: Flail             |     4 |       ||     4
 Cast: Sandblast         |    31 |     6 ||    37
       Stone Arrow       |       |     1 ||     1
  Use: Potion            |       |     3 ||     3
Armor: Robe              |     7 |       ||     7
       Leather armour    |     1 |       ||     1
Dodge: Dodged            |     7 |     2 ||     9
